 Dungeon Crawl Stone Soup version 0.31-a0-329-g52107efa6a (webtiles) character file.

Game seed: 13888892456389861941

100 AdnanSaban the Covered (level 4, -6/29 HPs)
             Began as a Gargoyle Fighter on July 19, 2023.
             Was an Initiate of Okawaru.
             Mangled by Blork the orc
             ... wielding a +0 hand axe
              (7 damage)
             ... on level 4 of the Dungeon.
             The game lasted 00:01:59 (2388 turns).

AdnanSaban the Covered (Gargoyle Fighter)           Turns: 2388, Time: 00:01:59

Health: -6/29      AC: 13    Str: 21    XL:     4   Next: 73%
Magic:  4/4        EV:  7    Int:  9    God:    Okawaru [......]
Gold:   128        SH:  4    Dex:  9    Spells: 3/3 levels left

rFire   . . .        a - +0 flail
rCold   . . .        c - +0 buckler
rNeg    + . .        i - +0 chain mail
rPois   ∞            (no helmet)
rElec   +            (no cloak)
rCorr   .            (no gloves)
SInv    .            (no boots)
Will    .....        (no amulet) Stlth
                     (no ring)
HPRegen 0.24/turn    (no ring)
MPRegen 0.09/turn

%: no passive effects
@: no status effects
A: sickness immunity, AC +3, negative energy resistance 1, electricity
resistance, torment resistance 1, petrification resistance
a: Renounce Religion


You were on level 4 of the Dungeon.
You worshipped Okawaru.
Okawaru was noncommittal.
You visited 1 branch of the dungeon, and saw 4 of its levels.

You collected 128 gold pieces.

Inventory:

Hand Weapons
 a - a +0 flail (weapon)
Armour
 c - a +0 buckler (worn)
 i - a +0 chain mail (worn)
Scrolls
 f - a scroll of immolation {unknown}
 g - 2 scrolls of vulnerability {unknown}
 h - a scroll of revelation {unknown}
 j - a scroll of poison {unknown}
 l - 2 scrolls of enchant weapon {unknown}
 o - a scroll of acquirement {unknown}
 p - a scroll of silence {unknown}
 r - a scroll of torment {unknown}
 s - a scroll of identify {unknown}
 t - a scroll of teleportation {unknown}
 u - a scroll of blinking {unknown}
Potions
 b - 2 potions of curing {unknown}
 d - a potion of might
 e - 2 potions of enlightenment {unknown}
 k - 2 potions of haste {unknown}
 m - 2 potions of brilliance {unknown}
 n - 2 potions of attraction {unknown}
 q - a potion of heal wounds {unknown}
 v - a potion of mutation {unknown}


   Skills:
 + Level 3.9 Fighting
 + Level 3.5 Maces & Flails
 + Level 4.0 Armour
 + Level 3.6 Shields


You had 3 spell levels left.
You didn't know any spells.
Your spell library contained the following spells:

 Spells                   Type           Power      Damage    Failure   Level
 Ozocubu's Armour         Ice            0%         N/A       100%        3
 Ozocubu's Refrigeration  Ice            0%         4d7       100%        7


Dungeon Overview and Level Annotations

Branches:
Dungeon (4/15)
 Temple: D:4-7

Altars:
Okawaru

Annotations:
D:4 Blork the orc


Innate Abilities, Weirdness & Mutations

You are immune to sickness and miasma.
Your stone body is resilient. (AC +3)
You are immune to poison.
You resist negative energy. (rN+)
You are resistant to electric shocks. (rElec)
You are resistant to unholy torment.
You are immune to petrification.


Message History

The puff of flame hits you.
You are too injured to fight recklessly!
You are too injured to fight recklessly!
You are too injured to fight recklessly!
You are too injured to fight recklessly!
You are too injured to fight recklessly!
You are too injured to fight recklessly!
You are too injured to fight recklessly!
You are too injured to fight recklessly!
You are too injured to fight recklessly!
You are too injured to fight recklessly!
You are too injured to fight recklessly!
You are too injured to fight recklessly!
You are too injured to fight recklessly!
You are too injured to fight recklessly!
You are too injured to fight recklessly!
You are too injured to fight recklessly!
You are too injured to fight recklessly!
You are too injured to fight recklessly!
You are too injured to fight recklessly!
You are too injured to fight recklessly!
You barely miss Blork the orc.
Blork the orc is severely wounded.
Blork the orc hits you with a +0 hand axe.
Blork the orc gestures at you while chanting.
You block the puff of flame.
You closely miss Blork the orc.
Blork the orc is severely wounded.
Blork the orc barely misses you.
Blork the orc suddenly shouts.
Blork the orc begins to cast a cantrip, but forgets the words!
You hit Blork the orc.
Blork the orc is almost dead.
Blork the orc points at you and mumbles some strange words.
The puff of flame hits you!
* * * LOW HITPOINT WARNING * * *
You closely miss Blork the orc.
Blork the orc is almost dead.
Blork the orc hits you with a +0 hand axe!
You die...

#.#.#####
#.#.# #.#.#
#.#.#
#.######.#.#
#..........#
#..##....#.# #
#.##.#.#
#.#..##@##.#.#
......o......#
..##.#####.#.#
.. ..#. ...
..# # .. .


You could see Blork the orc (fast).

Vanquished Creatures
  An orc priest (D:3)
  An adder (D:3)
  A worm (D:3)
  2 dart slugs
  3 orcs (D:3)
  3 bats
  3 endoplasms
  3 giant cockroaches
  4 goblins
  5 hobgoblins
  2 quokkas
  6 ball pythons
  2 frilled lizards (D:3)
  6 kobolds
  8 rats
50 creatures vanquished.

Notes
Turn   | Place    | Note
-------+----------+-------------------------------------------
     0 | D:1      | AdnanSaban the Gargoyle Fighter began the quest for the
                  | Orb.
     0 | D:1      | Reached XP level 1. HP: 14/14 MP: 1/1
   121 | D:1      | Reached XP level 2. HP: 17/19 MP: 2/2
   791 | D:1      | You fall into a shaft and drop 1 floor!
  1149 | D:2      | Reached XP level 3. HP: 21/23 MP: 3/3
  1546 | D:3      | Found an iron altar of Okawaru.
  1624 | D:3      | Became a worshipper of Warmaster Okawaru
  1696 | D:3      | Reached XP level 4. HP: 22/29 MP: 4/4
  2014 | D:3      | Reached skill level 4 in Armour
  2370 | D:4      | Noticed Blork the orc
  2387 | D:4      | HP: 1/29 [Blork the orc/puff of flame (13)]
  2388 | D:4      | Mangled by Blork the orc

Illustrated notes

Levels and vault maps discovered:
D:1:      lightli_arrival_farm, layout_loops_corners
D:2:      layout_rooms, minmay_domino_2
D:3:      layout_basic, pf_just_have_faith, minmay_cupped
D:4:      layout_basic, lemuel_doored_altar, nzn_wu_jian_contemplation,
          serial_shops, kennysheep_mini_moat, uniq_blork_the_orc

Skill      XL: |  1  2  3  4 |
---------------+-------------+-----
Maces & Flails | 3 |  3.5
Armour         | 4 |  4.0
Fighting       | |  3.9
Shields        | |  3.6

Action                     |  1- 3 |  4- 6 || total
---------------------------+-------+-------++-------
  Melee: Flail             |    97 |    59 ||   156
 Armour: Scale mail        |    13 |       ||    13
         Chain mail        |    38 |    41 ||    79
  Dodge: Dodged            |    32 |    17 ||    49
  Block: Buckler           |    18 |    11 ||    29

Table legend: (Time is in decaauts)
 A = Elapsed time spent in this place.
 B = Non-inter-level travel time spent in this place.
 C = Inter-level travel time spent in this place.
 D = Time resting spent in this place.
 E = Time spent auto-exploring this place.
 F = Levels seen in this place.
 G = Mean time per level.
                   A        B        C        D        E       F      G
               +--------+--------+--------+--------+--------+-----+--------+
         Total |   2461 |   2364 |     97 |      0 |   1952 |   4 |  615.2 |
       Dungeon |   2461 |   2364 |     97 |      0 |   1952 |   4 |  615.2 |
               +--------+--------+--------+--------+--------+-----+--------+

Top non-repeatable levels by time:
     D:1: 1147 daAuts
     D:3: 845 daAuts
     D:2: 383 daAuts
     D:4: 85 daAuts
